Map: World of Sleepers LE

Players

MCanning

  • Race: Protoss Protoss
  • League: Master
  • Spawn Location: 7:00

thermostaat (uThermal) - Winner!

  • Race: Terran Terran
  • Spawn Location: 1:00

Event: NationWars 2019

VOD

Have the link to the VOD?

Description

Time

  • Played on: Nov. 16, 2019, 3:32 p.m.
  • Length: 9:51
Show
View Real Time Build Order
Export as new Build Order

MCanning Protoss 

Build Orders: 1 Gate Expand, Colossus Rush 

Get SALT Encoding   

  12  0:01  Probe  
  13  0:13  Probe  
  14  0:17  Pylon  
  14  0:25  Probe  
  15  0:36  Gateway  
  15  0:38  Probe (Chrono Boost)  
  16  0:48  Probe (Chrono Boost), Assimilator  
  17  0:53  Probe (Chrono Boost)  
  18  1:04  Probe  
  19  1:16  Probe  
  20  1:23  Cybernetics Core  
  20  1:35  Nexus  
  20  1:37  Probe  
  21  1:45  Pylon  
  21  1:50  Assimilator  
  22  1:57  Adept (Chrono Boost)  
  22  2:00  Warp Gate  
  23  2:03  Probe (Chrono Boost)  
  24  2:10  Pylon  
  24  2:15  Probe (Chrono Boost)  
  25  2:19  Probe (Chrono Boost)  
  25  2:20  Sentry  
  29  2:30  Probe  
  29  2:42  Probe (Chrono Boost)  
  30  2:47  Robotics Facility  
  31  2:52  Probe (Chrono Boost)  
  31  2:53  Stalker  
  31  2:54  Probe (Chrono Boost)  
  34  3:00  Probe (Chrono Boost)  
  34  3:02  Probe (Chrono Boost)  
  36  3:08  Probe  
  36  3:11  Probe  
  38  3:20  Gateway  
  38  3:21  Probe, Gateway  
  38  3:26  Probe (Chrono Boost)  
  40  3:33  Probe (Chrono Boost)  
  41  3:36  Robotics Bay  
  41  3:39  Observer  
  43  3:44  Probe (Chrono Boost)  
  43  3:45  Probe (Chrono Boost)  
  43  3:47  Assimilator  
  44  3:49  Probe (Chrono Boost), Assimilator  
  44  3:51  Stalker, Probe (Chrono Boost)  
  48  4:00  Probe  
  48  4:02  Pylon, Observer (Chrono Boost)  
  50  4:03  Probe  
  51  4:12  Probe  
  51  4:15  Probe  
  53  4:18  Forge  
  53  4:20  Observer (Chrono Boost)  
  53  4:22  Pylon  
  53  4:23  Stalker  
  56  4:24  Probe  
  56  4:27  Pylon  
  56  4:28  Probe  
  58  4:38  Colossus (Chrono Boost)  
  58  4:44  Gateway  
  64  4:47  Adept x2  
  68  4:57  Probe  
  69  5:04  Stalker  
  68  5:08  Probe  
  68  5:09  Probe  
  68  5:10  Protoss Ground Weapons Level 1 (Chrono Boost)  
  70  5:20  Probe  
  71  5:21  Probe  
  71  5:25  Extended Thermal Lance  
  72  5:28  Colossus (Chrono Boost)  
  78  5:48  Pylon  
  78  5:50  Gateway  
  78  5:57  Pylon  
  78  5:59  Pylon  
  78  6:00  Pylon  
  78  6:02  Nexus  
  78  6:09  Sentry  
  80  6:15  Probe  
  80  6:16  Colossus (Chrono Boost)  
  80  6:18  Twilight Council  
  87  6:28  Adept  
  87  6:29  Adept  
  87  6:32  Probe x2  
  93  6:41  Forge  
  93  6:44  Probe x2  
  93  6:46  Twilight Council  
  95  6:49  Gateway  
  95  6:54  Disruptor  
  95  6:56  Probe x2  
  95  6:59  Blink (Chrono Boost)  
  100  7:01  Stalker  
  101  7:08  Probe (Chrono Boost)  
  101  7:09  Probe (Chrono Boost)  
  101  7:13  Stalker, Dark Shrine  
  101  7:14  Protoss Ground Armor Level 1  
  104  7:16  Probe (Chrono Boost)  
  104  7:20  Probe (Chrono Boost)  
  107  7:26  Probe x2 (Chrono Boost)  
  107  7:28  Probe (Chrono Boost)  
  109  7:31  Probe (Chrono Boost)  
  109  7:33  Probe  
  109  7:34  Probe  
  109  7:36  Assimilator  
  112  7:39  Disruptor (Chrono Boost)  
  112  7:40  Assimilator  
  112  7:43  Probe, Shield Battery  
  116  7:45  Probe  
  116  7:47  Adept  
  116  7:50  Probe  
  120  7:55  Probe  
  120  7:57  Probe  
  118  8:02  Stalker x2, Probe  
  118  8:03  Pylon  
  123  8:07  Gateway  
  123  8:08  Probe  
  124  8:16  Pylon  
  124  8:17  Pylon  
  124  8:20  Disruptor  
  124  8:21  Stalker  
  124  8:22  Zealot x2  
  124  8:26  Dark Templar  
  133  8:35  Probe x2  
  133  8:36  Probe  
  133  8:39  Pylon  
  136  8:44  Stalker x2  
  140  8:53  Adept  
  140  8:56  Disruptor  
  140  8:58  Dark Templar  
  145  9:05  Dark Templar  
  145  9:09  Stalker x3  
  134  9:24  Zealot  
Show
View Real Time Build Order
Export as new Build Order

thermostaat Terran - Winner!

Build Orders: Reaper Expand 

Get SALT Encoding   

  12  0:01  SCV  
  13  0:13  SCV  
  14  0:17  Supply Depot  
  14  0:25  SCV  
  15  0:39  SCV  
  15  0:40  Barracks  
  16  0:44  Refinery  
  16  0:51  SCV  
  17  1:03  SCV  
  18  1:15  SCV  
  19  1:27  Orbital Command, Reaper  
  20  1:41  Command Center  
  20  1:48  Supply Depot  
  20  1:53  SCV  
  21  1:58  Marine  
  22  2:05  SCV  
  23  2:08  Factory  
  23  2:13  Refinery  
  23  2:17  SCV  
  23  2:20  Barracks Reactor  
  24  2:29  SCV  
  25  2:42  SCV  
  26  2:52  Starport  
  26  2:54  SCV  
  26  2:55  Orbital Command  
  26  2:56  Bunker  
  26  2:57  Marine x2  
  29  3:02  Widow Mine  
  31  3:06  SCV  
  32  3:15  Marine x2  
  32  3:18  SCV  
  35  3:21  SCV  
  35  3:25  Widow Mine  
  38  3:29  Medivac  
  38  3:30  SCV  
  38  3:32  Supply Depot, Marine  
  41  3:34  SCV  
  41  3:39  Marine  
  43  3:42  SCV  
  43  3:46  Widow Mine  
  46  3:54  SCV x2, Marine  
  46  3:55  Supply Depot  
  49  3:56  Marine  
  50  4:06  SCV  
  50  4:08  SCV, Command Center  
  52  4:11  Factory Tech Lab  
  52  4:14  Marine x2  
  54  4:18  Supply Depot  
  54  4:21  SCV x2  
  54  4:24  Barracks  
  56  4:29  Siege Tank  
  59  4:32  Marine x2  
  59  4:35  SCV  
  62  4:39  SCV  
  62  4:40  Barracks  
  62  4:44  Starport Tech Lab  
  63  4:47  SCV  
  63  4:49  Supply Depot  
  63  4:51  SCV  
  65  4:56  Marine x2  
  65  4:59  SCV  
  64  5:01  Siege Tank  
  64  5:04  SCV  
  68  5:12  Engineering Bay, SCV  
  69  5:16  Engineering Bay  
  69  5:17  Starport Reactor, Marine  
  69  5:18  SCV, Marine  
  72  5:22  Orbital Command  
  72  5:24  SCV  
  72  5:27  Stimpack, Marine  
  74  5:30  SCV  
  74  5:34  Siege Tank, Barracks Tech Lab  
  78  5:39  SCV, Refinery  
  78  5:42  Marine x2, Refinery  
  75  5:44  SCV, Marine  
  75  5:47  Orbital Command  
  75  5:49  Terran Infantry Weapons Level 1  
  79  5:55  Marine  
  79  5:56  Terran Infantry Armor Level 1  
  80  5:58  SCV  
  80  5:59  Missile Turret, SCV  
  80  6:04  Barracks x2, Marine x2  
  82  6:09  Supply Depot  
  82  6:10  SCV  
  82  6:11  SCV, Siege Tank  
  86  6:13  SCV  
  90  6:19  Marine x2  
  90  6:20  Combat Shield  
  90  6:22  SCV  
  93  6:28  Supply Depot  
  93  6:30  Barracks, SCV x2  
  93  6:31  Marine x2  
  93  6:32  Barracks  
  97  6:38  Marine x2  
  99  6:41  Missile Turret  
  99  6:43  SCV  
  100  6:48  Marine  
  100  6:49  Marine  
  100  6:51  Supply Depot, Medivac  
  100  6:54  Medivac  
  106  6:56  SCV, Marauder  
  109  7:02  Barracks Reactor, Marine, Barracks Tech Lab  
  109  7:03  Supply Depot  
  109  7:04  SCV  
  109  7:06  Marine  
  101  7:08  Siege Tank  
  101  7:10  SCV  
  101  7:12  Concussive Shells  
  101  7:13  SCV  
  106  7:16  SCV  
  106  7:17  Armory  
  106  7:21  Supply Depot  
  106  7:22  Supply Depot, Marine x2  
  109  7:24  Barracks Tech Lab  
  109  7:26  Marine x2  
  109  7:27  Supply Depot  
  109  7:28  SCV  
  112  7:31  SCV  
  112  7:33  Marine  
  112  7:34  Supply Depot, Refinery  
  112  7:35  Medivac  
  116  7:38  Medivac  
  116  7:40  Marine  
  116  7:41  Supply Depot, Marine  
  120  7:44  Marine  
  120  7:45  Marauder  
  120  7:46  SCV  
  120  7:48  SCV, Supply Depot  
  120  7:50  Marine  
  126  7:55  Marauder, Marine  
  126  7:57  SCV, Marine  
  126  7:58  Marauder  
  133  8:03  Marine x2  
  133  8:04  Supply Depot  
  133  8:05  Medivac  
  137  8:06  Marauder  
  137  8:08  Refinery  
  137  8:11  Supply Depot  
  137  8:12  Marine  
  140  8:13  Marine  
  140  8:16  Marauder  
  140  8:19  Siege Tank  
  146  8:20  Marine  
  146  8:21  Marauder  
  146  8:22  Marine  
  146  8:23  Marauder  
  146  8:25  Supply Depot  
  152  8:29  Marine  
  152  8:33  Supply Depot  
  151  8:39  Medivac  
  152  8:42  Medivac, Marine  
  152  8:43  Marauder  
  152  8:44  Marine x2  
  152  8:45  Marauder  
  152  8:47  Command Center  
  156  8:55  Siege Tank  
  156  8:56  Marine  
  156  9:02  Marine  
  160  9:03  Marauder  
  160  9:06  Marine  
  160  9:07  Marauder  
  160  9:08  Medivac  
  165  9:15  Marine  
  165  9:16  Marauder  
  168  9:17  Supply Depot  
  168  9:21  Medivac  
  163  9:24  Marine  
  163  9:25  Marauder  
  163  9:27  Marauder, Marine  
  163  9:30  Marine  
  154  9:40  Missile Turret  
Tags
 
Add a new tag
Caveats
  • Supply blocks, unpowered buildings, or Contaminate may cause inaccurate times.
  • Supply counts are checked every 10 seconds.